 Dungeon Crawl Stone Soup version 0.30-a0-760-g5a9884bb7c (webtiles) character file.

Game seed: 16872193292752998579

2825 Newt the Basher (level 9, -2/62 (65) HPs)
             Began as a Demonspawn Gladiator on Feb 10, 2023.
             Was an Initiate of Makhleb.
             Slain by a wight
             ... wielding a +3 dire flail
              (6 damage)
             ... on level 9 of the Dungeon on Feb 11, 2023.
             The game lasted 00:05:51 (5563 turns).

Newt the Basher (Demonspawn Gladiator)              Turns: 5563, Time: 00:05:52

HP:   -2/62 (65)    AC: 12    Str: 19    XL:     9   Next: 45%
MP:   3/3           EV: 12    Int:  6    God:    Makhleb [......]
Gold: 260           SH:  4    Dex: 15    Spells: 8/8 levels left

rFire   . . .      SeeInvis .    n - +5 whip of Context {antimagic, rN+ rCorr Int-3}
rCold   . . .      Faith    .    (no shield)
rNeg    + . .      Spirit   .    b - +0 leather armour
rPois   +          Reflect  .    (helmet restricted)
rElec   .          Harm     .    (no cloak)
rCorr   +          Rampage  .    (no gloves)
Will    .....                    t - +1 pair of boots Stlth
                                 (no amulet)
HPRegen 0.30/turn                j - ring of poison resistance
MPRegen 0.08/turn                (no ring)

@: silenced, lightly drained
A: horns 1, yellow scales 1, icemail 1, powered by death 1, condensation shield
a: Renounce Religion


You were on level 9 of the Dungeon.
You worshipped Makhleb.
Makhleb was noncommittal.
You visited 2 branches of the dungeon, and saw 8 of its levels.
You also visited: Ossuary.

You collected 260 gold pieces.

Inventory:

Hand Weapons
 a - a +1 rapier
 n - the +5 whip of Context (weapon) {antimagic, rN+ rCorr Int-3}
   (You found it on level 3 of the Dungeon)

   Int:       It affects your intelligence (-3).
   rN:        It protects you from negative energy.
   rCorr:     It protects you from acid and corrosion.
Armour
 b - a +0 leather armour (worn)
 c - a +0 helmet
 t - a +1 pair of boots (worn)
Jewellery
 j - a ring of poison resistance (left hand)
Wands
 m - a wand of acid (4)
 B - a wand of flame (24)
Scrolls
 k - 2 scrolls of blinking
 r - 8 scrolls of teleportation
 v - a scroll of enchant armour
 x - 2 scrolls of identify
 y - a scroll of brand weapon
 z - 2 scrolls of amnesia
Potions
 e - a potion of brilliance {unknown}
 f - 2 potions of haste
 g - 2 potions of degeneration
 h - 5 potions of might
 i - 5 potions of curing
 l - 4 potions of magic
 o - 4 potions of heal wounds {unknown}
 p - 4 potions of mutation {unknown}
 q - 3 potions of lignification {unknown}
 u - a potion of ambrosia {unknown}
 w - a potion of resistance {unknown}
 A - a potion of invisibility {unknown}


   Skills:
 - Level 4.0 Fighting
 - Level 4.0 Short Blades
 - Level 9.0 Maces & Flails
 - Level 1.7 Throwing
 + Level 6.5 Armour
 - Level 2.6 Dodging


You had 8 spell levels left.
You didn't know any spells.
Your spell library contained the following spells:

 Spells                   Type           Power      Damage    Failure   Level
 Cigotuvi's Dreadful Rot  Necr/Pois/Air  0%         N/A       65%         2
 Poisonous Vapours        Pois/Air       0%         N/A       65%         2
 Mephitic Cloud           Conj/Pois/Air  0%         N/A       86%         3


Dungeon Overview and Level Annotations

Branches:
Dungeon (6/15)             Temple (1/1) D:6         Ossuary (visited)

Altars:
Ashenzari
Cheibriados
Dithmenos
Fedhas
Gozag
Hepliaklqana
Kikubaaqudgha
Makhleb
Qazlal
Sif Muna
Trog
Vehumet
Xom
Yredelemnul


Innate Abilities, Weirdness & Mutations

You have a pair of small horns on your head.
You are partially covered in yellow scales. (AC +2)
A meltable icy envelope protects you from harm. (AC +4)
You regenerate a little health from kills.
A meltable shield of frost defends you. (SH +4)


Message History

Okay, then.
Throw: 2 throwing nets
Press: ? - help, Shift-Dir - straight line, f - wight
Aim: a wight, wielding a +3 dire flail and wearing a +0 robe (silenced, 60% to hit)
You throw a throwing net. The throwing net hits the wight.
The wight is caught in the net!
The wight struggles against the net.
The wight misses you.
You barely miss the wight.
The wight struggles against the net.
The wight barely misses you.
You barely miss the wight. Your punch misses the wight. You hit the wight.
You headbutt the wight.
The wight is severely damaged.
The wight struggles against the net.
The wight misses you.
You closely miss the wight. You headbutt the wight.
You destroy the wight!
Makhleb accepts your kill.
The wight struggles against the net.
You hit the wight.
You headbutt the wight, but do no damage.
The wight is moderately damaged.
You hit the wight.
You headbutt the wight, but do no damage.
The wight is heavily damaged.
The wight struggles against the net.
The net rips apart, and the wight comes free!
Throw: throwing net
Press: ? - help, Q - select action, (/) - cycle Shift-Dir - straight line, f/p - wight
Aim: a wight, wielding a +3 dire flail and wearing a +0 robe (silenced, heavily damaged, 60% to hit)
You throw a throwing net.
The throwing net closely misses the wight.
The wight hits you with a +3 dire flail!
* * * LOW HITPOINT WARNING * * *
Throw: javelin
Press: ? - help, Q - select action, (/) - cycle Shift-Dir - straight line, f/p - wight
Aim: a wight, wielding a +3 dire flail and wearing a +0 robe (silenced, heavily damaged, 60% to hit)
You throw a javelin.
The javelin pierces through the wight but does no damage.
The wight is heavily damaged.
The wight hits you with a +3 dire flail.
You die...

....... #+#...#'#
(..:.........###.......#
.............#..........
.............##.........
..........<...'.........
..............##.......#
........>......#.......#
......z).......####+####
......)@.............
.....................
.....................
.[..?................
...........>.........
.....................
#####################


You could see a wight.

Vanquished Creatures
  A hornet (D:9)
  2 black bears (D:5)
  A hornet zombie (Ossuary)
  An ogre (D:5)
  A centaur (D:5)
  2 phantoms
  A gnoll sergeant (D:5)
  A necrophage (D:5)
  A wyvern zombie (Ossuary)
  5 scorpions
  3 water moccasin zombies (Ossuary)
  3 wights (D:9)
  A vampire bat (D:4)
  2 centaur zombies (Ossuary)
  A hound (D:5)
  7 bullfrog zombies (Ossuary)
  A gnoll bouda (D:4)
  4 iguanas
  4 killer bee zombies (Ossuary)
  A howler monkey zombie (Ossuary)
  16 mummies
  11 gnolls
  10 adders
  A white imp (D:5)
  2 worms
  4 dart slugs
  3 fire bats (D:4)
  3 orcs
  2 spectral bats (D:4)
  11 bats
  3 bat skeletons (D:4)
  A bat zombie (D:4)
  3 endoplasms
  3 giant cockroaches
  2 hobgoblins
  6 jackals
  11 ball pythons
  A bat simulacrum (D:4)
  5 goblins
  2 kobolds
  4 rats
147 creatures vanquished.

Vanquished Creatures (others)
  5 withered plants (Ossuary)
5 creatures vanquished.

Grand Total: 152 creatures vanquished

Notes
Turn   | Place    | Note
-------+----------+-------------------------------------------
     0 | D:1      | Newt the Demonspawn Gladiator began the quest for the Orb.
     0 | D:1      | Reached XP level 1. HP: 16/16 MP: 1/1
   225 | D:1      | Gained mutation: You regenerate a little health from kills.
                  | [demonic ancestry]
   225 | D:1      | Reached XP level 2. HP: 13/23 MP: 2/2
   746 | D:2      | Gained mutation: A meltable shield of frost defends you.
                  | (SH +4) [demonic ancestry]
   746 | D:2      | Reached XP level 3. HP: 29/29 MP: 3/3
  1116 | D:2      | Gained mutation: You are partially covered in yellow
                  | scales. (AC +2) [demonic ancestry]
  1116 | D:2      | Reached XP level 4. HP: 37/37 MP: 4/4
  1777 | D:3      | Reached XP level 5. HP: 42/42 MP: 5/5
  1967 | D:3      | Found a bloodstained altar of Trog.
  1974 | D:3      | Identified the +5 whip of Context {antimagic, rN+ rCorr
                  | Int-3}
  2001 | D:3      | Reached skill level 1 in Armour
  2363 | D:4      | Noticed a phantom
  2371 | D:4      | Killed a phantom
  2372 | D:4      | Reached XP level 6. HP: 47/48 MP: 2/6
  3104 | D:4      | Reached skill level 1 in Maces & Flails
  3185 | D:4      | Reached skill level 2 in Maces & Flails
  3212 | D:4      | Reached XP level 7. HP: 54/54 MP: 2/7
  3298 | D:5      | Entered Level 5 of the Dungeon
  3305 | D:5      | Reached skill level 3 in Maces & Flails
  3434 | D:5      | Reached skill level 4 in Maces & Flails
  3585 | D:5      | Reached skill level 5 in Maces & Flails
  3669 | D:5      | Gained mutation: A meltable icy envelope protects you from
                  | harm. (AC +4) [demonic ancestry]
  3669 | D:5      | Reached XP level 8. HP: 14/60 MP: 2/8
  4050 | D:5      | Reached skill level 6 in Maces & Flails
  4298 | D:6      | Reached skill level 7 in Maces & Flails
  4375 | D:6      | Found a sand-covered staircase.
  4384 | Ossuary  | Entered an ossuary
  4473 | Ossuary  | Reached skill level 8 in Maces & Flails
  4634 | Ossuary  | Gained mutation: You have a pair of small horns on your
                  | head. [demonic ancestry]
  4634 | Ossuary  | Reached XP level 9. HP: 59/65 MP: 3/9
  4695 | Ossuary  | Reached skill level 9 in Maces & Flails
  4865 | Ossuary  | Reached skill level 5 in Armour
  5012 | D:6      | Found a staircase to the Ecumenical Temple.
  5040 | Temple   | Entered the Ecumenical Temple
  5236 | Temple   | Became a worshipper of Makhleb the Destroyer
  5367 | D:6      | You fall into a shaft and drop 3 floors!
  5563 | D:9      | Slain by a wight

Illustrated notes

Levels and vault maps discovered:
D:1:      dpeg_arrival_fog, layout_rooms, serial_curves, eino_curves_01,
          eino_curves_03
D:2:      layout_loops_ring
D:3:      layout_basic, trog_three_pillars_becter, minmay_snake_closets
D:4:      layout_loops_cross, goddamned_bats
D:5:      layout_basic, serial_glass, glass_columns_b, glass_columns_c,
          minmay_strange_pillars
D:6:      layout_gridville, minmay_temple_entry_stoned_glass,
          gup_ossuary_entry_pyramid, nicolae_wooded_promenade,
          eino_tiny_chamber, kennysheep_generic_room_5
D:9:      nicolae_cairo_tiling_very_big, layout_gridville, david_lair_shrubbed,
          kennysheep_pointless_box, amethyst_killhole, roderic_roman_lattice,
          eino_tiny_chamber, uniq_pikel
Temple:   eino_temple_rhombus

Skill      XL: |  1  2  3  4  5  6  7  8  9 |
---------------+----------------------------+-----
Fighting       | 3 4 |  4.0
Short Blades   | 3 4 |  4.0
Armour         | 3 4 6 |  6.5
Maces & Flails | 2 5 8 9 |  9.0
Throwing       | |  1.7
Dodging        | |  2.6

Action                     |  1- 3 |  4- 6 |  7- 9 || total
---------------------------+-------+-------+-------++-------
  Melee: Rapier            |    98 |    89 |       ||   187
         Whip              |       |   128 |   390 ||   518
         Punch             |       |     2 |     6 ||     8
         Headbutt          |       |       |    38 ||    38
  Throw: Throwing net      |       |     2 |     2 ||     4
         Javelin           |       |     1 |     2 ||     3
  Evoke: Wand              |       |       |     1 ||     1
    Use: Scroll            |     4 |     3 |     5 ||    12
         Potion            |       |     3 |       ||     3
   Stab: Sleeping          |       |     2 |       ||     2
         Held in net/web   |       |     1 |       ||     1
 Armour: Leather armour    |    31 |   110 |   106 ||   247
  Dodge: Dodged            |    61 |   194 |   150 ||   405
  Block: Other             |     3 |    43 |    50 ||    96

Table legend: (Time is in decaauts)
 A = Elapsed time spent in this place.
 B = Non-inter-level travel time spent in this place.
 C = Inter-level travel time spent in this place.
 D = Time resting spent in this place.
 E = Time spent auto-exploring this place.
 F = Levels seen in this place.
 G = Mean time per level.
                   A        B        C        D        E       F      G
               +--------+--------+--------+--------+--------+-----+--------+
         Total |   5502 |   5390 |    112 |    707 |   3567 |   9 |  611.3 |
       Dungeon |   4778 |   4696 |     82 |    703 |   3137 |   7 |  682.6 |
        Temple |    202 |    173 |     29 |      0 |    160 |   1 |  202.0 |
       Ossuary |    521 |    521 |      0 |      4 |    270 |   1 |  521.0 |
               +--------+--------+--------+--------+--------+-----+--------+

Top non-repeatable levels by time:
     D:4: 1091 daAuts
     D:5: 980 daAuts
     D:2: 969 daAuts
     D:3: 680 daAuts
     D:1: 572 daAuts
 Ossuary: 521 daAuts
     D:6: 296 daAuts
  Temple: 202 daAuts
     D:9: 187 daAuts
